 Dungeon Crawl Stone Soup version 0.31-a0-844-gdc52ec4e09 (webtiles) character file.

Game seed: 1862564937778669797

472 Nedwor the Cutter (level 6, 37/48 HPs)
             Began as a Demonspawn Gladiator on Sept 28, 2023.
             Quit the game on level 4 of the Dungeon.
             The game lasted 00:03:55 (3241 turns).

Nedwor the Cutter (Demonspawn Gladiator)            Turns: 3241, Time: 00:03:56

Health: 37/48      AC: 12    Str: 14    XL:     6   Next: 83%
Magic:  6/6        EV: 12    Int:  9    God:
Gold:   77         SH:  0    Dex: 17    Spells: 5/5 levels left

rFire   + . .        a - +0 rapier
rCold   . . .        (no shield)
rNeg    + . .        o - +3 ring mail
rPois   .            c - +0 helmet
rElec   .            k - +0 cloak
rCorr   .            (no gloves)
SInv    .            (no boots)
Will    .....        (no amulet)
Stlth   +            n - ring of positive energy
HPRegen 0.28/turn    b - ring of protection from fire
MPRegen 0.10/turn

%: no passive effects
@: no status effects
A: slimy green scales 1, demonic magic 1, demonic touch 1
a: no special abilities


You were on level 4 of the Dungeon.
You visited 1 branch of the dungeon, and saw 4 of its levels.

You collected 77 gold pieces.

Inventory:

Hand Weapons
 a - a +0 rapier (weapon)
Missiles
 d - 3 throwing nets (quivered)
 e - a javelin
Armour
 c - a +0 helmet (worn)
 k - a +0 cloak (worn)
 o - a +3 ring mail (worn)
Jewellery
 b - a ring of protection from fire (right hand)
 m - a ring of ice
 n - a ring of positive energy (left hand)
Wands
 q - a wand of polymorph (8)
Potions
 f - 3 potions of heal wounds
 g - a potion of might
 i - a potion of lignification
 j - a potion of haste {unknown}
 r - a potion of ambrosia {unknown}


   Skills:
 + Level 4.0 Fighting
 * Level 5.4 Short Blades
 - Level 1.7 Throwing
 + Level 4.2 Dodging


You had 5 spell levels left.
You didn't know any spells.
Your spell library contained the following spells:

 Spells                   Type           Power      Damage    Failure   Level
 Freeze                   Ice            0%         1d3       63%         1
 Blink                    Tloc           0%         N/A       77%         2
 Lesser Beckoning         Tloc           0%         N/A       77%         2
 Momentum Strike          Conj/Tloc      0%         3d8       77%         2
 Sublimation of Blood     Necr           0%         N/A       77%         2
 Wereblood                Tmut           0%         N/A       77%         2
 Frozen Ramparts          Ice            0%         1d1       94%         3
 Hailstorm                Conj/Ice       0%         3d3       94%         3
 Petrify                  Tmut/Erth      0%         N/A       100%        4
 Irradiate                Conj/Tmut      0%         3d11      100%        5


Dungeon Overview and Level Annotations

Branches:
Dungeon (4/15)
 Temple: D:4-7

Altars:
Kikubaaqudgha

Shops:
D:2 ?


Innate Abilities, Weirdness & Mutations

You are partially covered in slimy green scales. (AC +2)
Spells you cast may paralyse adjacent enemies.
Your touch may inflict minor irresistible damage on your foes.


Message History

No target in view!
A black bear comes into view.
The black bear growls angrily.
A black bear is nearby!
A black bear is nearby!
A black bear is nearby!
A black bear is nearby!
The black bear bites you but does no damage.
The black bear claws you.
The black bear claws you but does no damage.
You barely miss the black bear. The black bear misses you.
The black bear claws you but does no damage.
The black bear completely misses you.
You hit the black bear.
The black bear is lightly wounded.
The black bear misses you.
The black bear claws you but does no damage. x2
You completely miss the black bear.
You touch the black bear!
The black bear is heavily wounded.
The black bear bites you!
The black bear claws you but does no damage. x2
You hit the black bear.
The black bear is heavily wounded.
The black bear bites you. The black bear closely misses you.
The black bear claws you but does no damage.
A gnoll comes into view. It is wielding a +0 club.
You hit the black bear.
You touch the black bear.
You kill the black bear!
Your Fighting skill increases to level 4!
You hit the gnoll.
You touch the gnoll!
The gnoll is almost dead.
The gnoll hits you but does no damage.
You hit the gnoll.
You kill the gnoll!
No target in view!
No target in view!
No target in view!
No target in view!
No target in view!
Are you sure you want to abandon this character and quit the game? (Confirm with "yes".)

#. #. #. #. #.
#.#####.#
#.)@†...#
#..###### #..#
#..# #..#
######..#
#.......#
#.####.#######
# #......†...#


There were no monsters in sight!

Vanquished Creatures
  2 black bears (D:4)
  An ogre (D:3)
  Jessica (D:3)
  Terence (D:3)
  An iguana (D:4)
  An orc wizard (D:3)
  A gnoll (D:4)
  An adder (D:3)
  A worm (D:2)
  4 dart slugs
  5 orcs (D:3)
  7 endoplasms
  3 giant cockroaches
  7 goblins
  5 hobgoblins
  2 jackals (D:3)
  3 quokkas
  10 ball pythons
  4 bats (D:1)
  A frilled lizard (D:3)
  6 kobolds
  10 rats
77 creatures vanquished.

Notes
Turn   | Place    | Note
-------+----------+-------------------------------------------
     0 | D:1      | Nedwor the Demonspawn Gladiator began the quest for the
                  | Orb.
     0 | D:1      | Reached XP level 1. HP: 16/16 MP: 1/1
   125 | D:1      | Reached skill level 3 in Short Blades
   125 | D:1      | Gained mutation: Your touch may inflict minor irresistible
                  | damage on your foes. [demonic ancestry]
   125 | D:1      | Reached XP level 2. HP: 22/22 MP: 2/2
   624 | D:1      | Reached XP level 3. HP: 28/28 MP: 3/3
   987 | D:2      | Found Kenap's Magic Scroll Boutique.
  1071 | D:2      | Found a faded altar of an unknown god.
  1958 | D:3      | Noticed Jessica
  2014 | D:3      | Killed Jessica
  2015 | D:3      | Gained mutation: Spells you cast may paralyse adjacent
                  | enemies. [demonic ancestry]
  2015 | D:3      | Reached XP level 4. HP: 28/34 MP: 4/4
  2128 | D:3      | Found an ancient bone altar of Kikubaaqudgha.
  2299 | D:3      | Reached skill level 4 in Short Blades
  2329 | D:3      | Noticed an ogre
  2334 | D:3      | Killed an ogre
  2335 | D:3      | Reached XP level 5. HP: 4/41 MP: 5/5
  2719 | D:3      | Noticed Terence
  2727 | D:3      | Killed Terence
  3195 | D:4      | Gained mutation: You are partially covered in slimy green
                  | scales. (AC +2) [demonic ancestry]
  3195 | D:4      | Reached XP level 6. HP: 47/47 MP: 6/6
  3225 | D:4      | Reached skill level 5 in Short Blades
  3241 | D:4      | Quit the game

Illustrated notes

Levels and vault maps discovered:
D:1:      lemuel_arrival_funnel, layout_basic, hangedman_decor_lopped,
          minmay_distorted
D:2:      layout_rooms, serial_shops, shop, shapermc_ecumenical_altar_gd,
          kennysheep_generic_room_7
D:3:      layout_basic, kiku_gazebo_pond_becter, serial_glass, glass_columns_a,
          glass_columns_c, uniq_jessica, uniq_terence
D:4:      kb_forest_paths, layout_basic

Skill      XL: |  1  2  3  4  5  6 |
---------------+-------------------+-----
Short Blades   | 3 4 5 |  5.4
Dodging        | 3 4 |  4.2
Fighting       | 3 4 |  4.0
Throwing       | |  1.7

Action                     |  1- 3 |  4- 6 || total
---------------------------+-------+-------++-------
  Melee: Rapier            |   128 |    74 ||   202
         Touch             |    14 |    18 ||    32
         Punch             |     1 |       ||     1
         Unarmed           |    13 |       ||    13
    Use: Scroll            |     4 |     2 ||     6
         Potion            |     1 |       ||     1
 Armour: Leather armour    |    18 |       ||    18
         Ring mail         |    56 |    76 ||   132
         Skin              |     5 |       ||     5
  Dodge: Dodged            |    85 |    40 ||   125

Table legend: (Time is in decaauts)
 A = Elapsed time spent in this place.
 B = Non-inter-level travel time spent in this place.
 C = Inter-level travel time spent in this place.
 D = Time resting spent in this place.
 E = Time spent auto-exploring this place.
 F = Levels seen in this place.
 G = Mean time per level.
                   A        B        C        D        E       F      G
               +--------+--------+--------+--------+--------+-----+--------+
         Total |   3233 |   3130 |    103 |    856 |   1759 |   4 |  808.2 |
       Dungeon |   3233 |   3130 |    103 |    856 |   1759 |   4 |  808.2 |
               +--------+--------+--------+--------+--------+-----+--------+

Top non-repeatable levels by time:
     D:3: 1338 daAuts
     D:1: 991 daAuts
     D:2: 852 daAuts
     D:4: 51 daAuts
